 Dungeon Crawl Stone Soup version 0.28-a0-297-g99b01970c5 (webtiles) character file.

Game seed: 179886047259838415

2921 McIrco the Protected (level 9, -9/82 HPs)
             Began as a Minotaur Fighter on Aug 29, 2021.
             Was an Initiate of Gozag.
             Mangled by a white ugly thing (10 damage)
             ... on level 9 of the Dungeon.
             The game lasted 00:06:59 (8141 turns).

McIrco the Protected (Minotaur Fighter)             Turns: 8141, Time: 00:06:59

Health: -9/82      AC: 16    Str: 23    XL:     9   Next: 50%
Magic:  8/8        EV: 12    Int:  9    God:    Gozag
Gold:   564        SH: 12    Dex: 17    Spells: 8/8 levels left

rFire   . . .      SeeInvis .   E - +5 hand axe "Vetaockag" {pain, Int+4}
rCold   . . .      Faith    .   c - +0 kite shield
rNeg    . . .      Spirit   .   D - +0 plate armour
rPois   .          Reflect  .   (helmet restricted)
rElec   .          Harm     .   (no cloak)
rCorr   .          Rampage  .   m - +0 pair of gloves
Will    .....                   (no boots)
Stlth   ..........              (no amulet)
HPRegen 0.23/turn               v - +4 ring of evasion
MPRegen 0.11/turn               B - +6 ring of dexterity

@: no status effects
A: horns 2, retaliatory headbutt
a: Renounce Religion, Potion Petition, Call Merchant, Bribe Branch


You were on level 9 of the Dungeon.
You worshipped Gozag.
Gozag was pleased with you.
You visited 2 branches of the dungeon, and saw 10 of its levels.

You collected 673 gold pieces.
You paid 109 gold pieces to Gozag.

Inventory:

Hand Weapons
 a - a +0 war axe
 t - a +2 dagger of venom
 E - the +5 hand axe "Vetaockag" (weapon) {pain, Int+4}
   (You found it on level 7 of the Dungeon)

   In the hands of one skilled in necromantic magic, it inflicts extra damage on
   living creatures.
   Int:       It affects your intelligence (+4).
Armour
 b - a +0 scale mail
 c - a +0 kite shield (worn)
 m - a +0 pair of gloves (worn)
 D - a +0 plate armour (worn)
Jewellery
 v - a +4 ring of evasion (left hand)
 z - the ring of Ygiph {Fire Str+4}
   (You found it on level 6 of the Dungeon)

   [ring of fire]

   It enhances your fire magic.
   Str:       It affects your strength (+4).
   rF:        It protects you from fire.
   rC:        It makes you vulnerable to cold.
 A - a ring of wizardry
 B - a +6 ring of dexterity (right hand)
 C - a ring of positive energy
 H - a ring of see invisible
Wands
 F - a wand of digging (4)
Scrolls
 e - 2 scrolls of amnesia {unknown}
 f - a scroll of acquirement {unknown}
 g - 5 scrolls of identify {unknown}
 i - 4 scrolls of teleportation {unknown}
 j - 4 scrolls of fog {unknown}
 k - 2 scrolls of blinking {unknown}
 l - 2 scrolls of noise {unknown}
 p - a scroll of immolation {unknown}
 x - a scroll of magic mapping {unknown}
 y - a scroll of fear {unknown}
 G - a scroll of enchant weapon {unknown}
Potions
 d - a potion of might
 h - 2 potions of lignification {unknown}
 n - 2 potions of attraction {unknown}
 o - 6 potions of curing {unknown}
 q - 3 potions of heal wounds {unknown}
 r - a potion of haste {unknown}
 s - a potion of brilliance {unknown}
 u - 2 potions of degeneration {unknown}
 w - 3 potions of mutation {unknown}


   Skills:
 + Level 8.4 Fighting
 - Level 2.4 Axes
 * Level 10.1 Armour
 + Level 5.0 Dodging
 + Level 9.2 Shields


You had 8 spell levels left.
You didn't know any spells.
Your spell library contained the following spells:

 Spells                   Type           Power      Damage    Failure   Level
 Animate Skeleton         Necr           0%         N/A       100%        1
 Pain                     Necr           0%         1d4       100%        1
 Stone Arrow              Conj/Erth      0%         3d7       100%        3
 Vampiric Draining        Necr           0%         2d6       100%        3
 Bolt of Magma            Conj/Fire/Erth 0%         4d4       100%        5
 Shatter                  Erth           0%         3d5*      100%        9


Dungeon Overview and Level Annotations

Branches:
Dungeon (9/15)             Temple (1/1) D:5
   Lair: D:8-11         Orc: D:9-12

Altars:
Ashenzari
Cheibriados
Dithmenos
Elyvilon
Fedhas
Gozag
Hepliaklqana
Kikubaaqudgha
Makhleb
Nemelex Xobeh
Okawaru
Qazlal
Sif Muna
Trog
Uskayaw
Vehumet
Wu Jian
Xom
Yredelemnul
Zin
The Shining One


Innate Abilities, Weirdness & Mutations

You have a pair of horns on your head.
You reflexively headbutt those who attack you in melee.


Message History

The arrow hits you but does no damage.
There are monsters nearby!
There are monsters nearby!
The centaur shoots an arrow.
You block the arrow.
You slash the white ugly thing! You headbutt the white ugly thing.
The white ugly thing is lightly wounded.
The centaur shoots an arrow.
The arrow hits you.
The centaur shoots an arrow.
The arrow hits you! The white ugly thing claws you.
The white ugly thing freezes you!!
You hit the white ugly thing.
The white ugly thing is lightly wounded.
The centaur shoots an arrow.
The arrow hits you.
You block the white ugly thing's attack.
The white ugly thing misses you.
You barely miss the white ugly thing.
Your headbutt misses the white ugly thing.
The white ugly thing is lightly wounded.
The centaur shoots an arrow.
The arrow barely misses you.
The white ugly thing closely misses you.
You furiously retaliate!
You headbutt the white ugly thing.
The centaur shoots an arrow.
The arrow hits you!
The centaur shoots an arrow.
The arrow closely misses you.
There is a stone staircase leading down here.
The centaur shoots an arrow.
You block the arrow.
The white ugly thing completely misses you.
The centaur shoots an arrow.
You block the arrow.
You climb downwards.
Found three items.
Found an escape hatch in the floor.
Found a stone staircase leading down.
There is a stone staircase leading up here.
You slash the white ugly thing!
The white ugly thing is moderately wounded.
The white ugly thing claws you! The white ugly thing freezes you!!
* * * LOW HITPOINT WARNING * * *
You barely miss the white ugly thing.
The white ugly thing is moderately wounded.
You block the white ugly thing's attack.
The white ugly thing claws you!
You die...
Your body crumbles into a pile of gold.

#........#
#........#
#.......$#
#........#
#........#
#........#
#..u...>.#
#.@?....>#
#.......?#
#........#
#........#
#...$....#
#...$....#
#........#
#........#


You could see a white ugly thing.

Vanquished Creatures
  A two-headed ogre (D:7)
  A shadow (D:5)
  A steam dragon (D:7)
  A water moccasin (D:7)
  An ice beast (D:7)
  An ogre (D:5)
  2 sky beasts
  2 phantoms (D:6)
  A bullfrog (D:6)
  A wyvern zombie (D:6)
  3 scorpions
  A water moccasin skeleton (D:6)
  5 wights (D:6)
  4 hounds
  A centaur zombie (D:5)
  3 jellies
  2 orc priests (D:7)
  A centaur skeleton (D:7)
  A bullfrog skeleton (D:6)
  4 iguanas
  A scorpion zombie (D:5)
  3 orc wizards (D:7)
  A killer bee zombie (D:5)
  A hound zombie (D:5)
  Robin (D:2)
  A howler monkey skeleton (D:5)
  4 adders
  3 gnolls (D:3)
  2 ufetubi
  3 worms
  3 dart slugs
  9 orcs
  9 endoplasms
  6 giant cockroaches
  14 goblins
  14 hobgoblins
  5 jackals
  5 kobolds
  4 quokkas
  12 ball pythons
  8 bats
  4 frilled lizards
  6 rats
156 creatures vanquished.

Vanquished Creatures (others)
  A fungus (D:3)
  A plant (D:3)
2 creatures vanquished.

Grand Total: 158 creatures vanquished

Notes
Turn   | Place    | Note
-------+----------+-------------------------------------------
     0 | D:1      | McIrco the Minotaur Fighter began the quest for the Orb.
     0 | D:1      | Reached XP level 1. HP: 19/19 MP: 0/0
   355 | D:1      | Reached XP level 2. HP: 21/27 MP: 1/1
   358 | D:1      | Reached skill level 4 in Armour
  1020 | D:1      | Reached XP level 3. HP: 33/33 MP: 2/2
  1839 | D:2      | Reached skill level 1 in Dodging
  1976 | D:2      | Identified the +0 helmet of Fedhas's Generosity {rCorr}
  1976 | D:2      | Noticed Robin
  1986 | D:2      | Killed Robin
  1987 | D:2      | Reached XP level 4. HP: 30/41 MP: 3/3
  2400 | D:2      | Reached skill level 5 in Armour
  2492 | D:2      | Found a white marble altar of Elyvilon.
  2726 | D:3      | Noticed a sky beast
  2732 | D:3      | Killed a sky beast
  2733 | D:3      | Reached XP level 5. HP: 30/47 MP: 4/4
  2948 | D:3      | Found a faded altar of an unknown god.
  3051 | D:3      | Reached skill level 5 in Shields
  3368 | D:4      | Reached XP level 6. HP: 51/55 MP: 5/5
  3398 | D:4      | Reached skill level 5 in Fighting
  3398 | D:4      | Reached skill level 6 in Armour
  3771 | D:5      | Entered Level 5 of the Dungeon
  3927 | D:5      | Reached XP level 7. HP: 57/61 MP: 6/6
  4050 | D:5      | Noticed a shadow
  4060 | D:5      | Killed a shadow
  4061 | D:5      | Reached skill level 7 in Armour
  4679 | D:5      | Found a staircase to the Ecumenical Temple.
  4923 | Temple   | Entered the Ecumenical Temple
  5103 | Temple   | Became a worshipper of Gozag Ym Sagoz the Greedy
  5466 | D:6      | Identified the ring of Ygiph {Fire Str+4}
  5640 | D:6      | Reached XP level 8. HP: 66/70 MP: 7/7
  5856 | D:6      | Reached skill level 8 in Armour
  6780 | D:7      | Noticed a two-headed ogre
  6788 | D:7      | Killed a two-headed ogre
  6789 | D:7      | Reached skill level 9 in Armour
  6789 | D:7      | Reached XP level 9. HP: 25/81 MP: 8/8
  7281 | D:7      | Identified the +5 hand axe "Vetaockag" {pain, Int+4}
  7855 | D:7      | Reached skill level 10 in Armour
  7855 | D:7      | Reached skill level 5 in Dodging
  8132 | D:8      | Noticed a white ugly thing
  8140 | D:9      | HP: 1/82 [white ugly thing (24)]
  8141 | D:9      | Mangled by a white ugly thing

Illustrated notes

Levels and vault maps discovered:
D:1:      lightli_arrival_windingriver, layout_loops_corners,
          minmay_pentomino_u4
D:2:      layout_basic, basic_altar, st_stairs_13, minmay_quadrilaterals,
          uniq_robin
D:3:      layout_rooms, shapermc_ecumenical_altar_acropolis
D:4:      layout_basic, nicolae_ru_the_path_less_chosen, nrook_mini_vaults,
          uniq_pikel
D:5:      layout_basic, temple_statues, hangedman_abyss_or_decor_lesser_grid
D:6:      layout_basic
D:7:      layout_gridville
D:8:      layout_basic, hangedman_abyss_or_decor_slice
D:9:      layout_long_grid, uniq_erica
Temple:   minmay_crystal_snake_temple

Skill      XL: |  1  2  3  4  5  6  7  8  9 |
---------------+----------------------------+-----
Armour         | 4 5 6 7 9 10 | 10.1
Fighting       | 4 5 6 7 8 |  8.4
Shields        | 4 5 7 8 9 |  9.2
Dodging        | 1 2 3 4 5 |  5.0
Axes           | |  2.4

Action                   |  1- 3 |  4- 6 |  7- 9 || total
-------------------------+-------+-------+-------++-------
Melee: War axe           |    95 |   110 |   140 ||   345
       Headbutt          |    15 |    19 |    42 ||    76
       Hand axe          |       |       |    54 ||    54
 Stab: Distracted        |       |       |     1 ||     1
Armor: Scale mail        |    50 |    53 |    53 ||   156
       Plate armour      |       |       |    18 ||    18
Dodge: Dodged            |    30 |    66 |   107 ||   203
Block: Kite shield       |    57 |    62 |   107 ||   226

Table legend: (Time is in decaauts)
 A = Elapsed time spent in this place.
 B = Non-inter-level travel time spent in this place.
 C = Inter-level travel time spent in this place.
 D = Time resting spent in this place.
 E = Time spent auto-exploring this place.
 F = Levels seen in this place.
 G = Mean time per level.
                   A        B        C        D        E       F      G
               +--------+--------+--------+--------+--------+-----+--------+
         Total |   8354 |   7965 |    389 |    705 |   6026 |  10 |  835.4 |
       Dungeon |   8140 |   7790 |    350 |    705 |   5871 |   9 |  904.4 |
        Temple |    213 |    175 |     38 |      0 |    155 |   1 |  213.0 |
               +--------+--------+--------+--------+--------+-----+--------+

Top non-repeatable levels by time:
     D:1: 1567 daAuts
     D:5: 1461 daAuts
     D:7: 1395 daAuts
     D:6: 1388 daAuts
     D:2: 1234 daAuts
     D:3: 594 daAuts
     D:4: 479 daAuts
  Temple: 213 daAuts
     D:8: 16 daAuts
     D:9: 2 daAuts
